 Dungeon Crawl Stone Soup version 0.23.2-1-ga50397a (webtiles) character file.

Game seed: 1064660522049083593

60 shadizar the Skirmisher (level 4, -11/29 HPs)
             Began as a Gargoyle Fighter on May 11, 2019.
             Killed by divine providence
             ... invoked by an orc priest
              (14 damage)
             ... on level 2 of the Dungeon.
             The game lasted 00:00:58 (852 turns).

shadizar the Skirmisher (Gargoyle Fighter)           Turns: 852, Time: 00:00:59

Health: -11/29     AC: 10    Str: 20    XL:     4   Next: 6%
Magic:  4/4        EV:  7    Int:  9    God:
Gold:   37         SH:  9    Dex:  9    Spells: 3/3 levels left

rFire    . . .     SeeInvis .   a - +0 flail
rCold    . . .     Gourm    .   c - +0 shield
rNeg     + . .     Faith    .   b - +0 scale mail
rPois    ∞         Spirit   .   (no helmet)
rElec    +         Reflect  .   (no cloak)
rCorr    .         Harm     .   (no gloves)
MR       .....                  (no boots)
Stlth    ..........             (no amulet)
HPRegen  0.09/turn              (no ring)
MPRegen  0.09/turn              (no ring)

@: no status effects
A: negative energy resistance 1, electricity resistance, unbreathing,
petrification resistance, rot immunity, AC +3
a: no special abilities


You were on level 2 of the Dungeon.
You were not hungry.

You visited 1 branch of the dungeon, and saw 2 of its levels.

You collected 37 gold pieces.

Inventory:

Hand Weapons
 a - a +0 flail (weapon)
Armour
 b - a +0 scale mail (worn)
 c - a +0 shield (worn)
Wands
 g - a wand of random effects (17)
Scrolls
 e - 2 scrolls of remove curse {unknown}
 h - 2 scrolls of identify {unknown}
 j - a scroll of blinking {unknown}
Potions
 d - a potion of might
Comestibles
 f - a ration
 i - a chunk of flesh


   Skills:
 + Level 3.8 Fighting
 + Level 2.5 Maces & Flails
 + Level 3.7 Armour
 + Level 1.0 Dodging
 + Level 3.7 Shields


You had 3 spell levels left.
You didn't know any spells.
Your spell library was empty.

Dungeon Overview and Level Annotations

Branches:
Dungeon (2/15)

Altars:
Dithmenos


Innate Abilities, Weirdness & Mutations

You are resistant to torment.
Your stone body is resilient. (AC +3)
You are immune to poison.
You resist negative energy. (rN+)
You are resistant to electric shocks. (rElec)
You can survive without breathing.
You are immune to petrification.
You are immune to rotting.


Message History

The orc priest hits you but does no damage.
You closely miss the orc priest. The orc priest hits you.
You are too injured to fight recklessly!
You are too injured to fight recklessly!
You are too injured to fight recklessly!
You are too injured to fight recklessly!
You are too injured to fight recklessly!
You are too injured to fight recklessly!
You are too injured to fight recklessly!
You are too injured to fight recklessly!
You are too injured to fight recklessly!
You are too injured to fight recklessly!
You hit the orc priest.
The orc priest is lightly wounded.
The orc priest mumbles some strange prayers to Beogh against you.
Beogh smites you!
* * * LOW HITPOINT WARNING * * *
The orc priest invokes the aid of Beogh against you.
Beogh smites you!
You die...

.....#.##..
........)....
......##.###.
.............
.....###.....
#####...### #.....
#.......... #.....
#o#.......# #.....
#@#.8...8.# #.....
#.#.......# #.....
#.#.......# #.....
#.#.......# #.###.
#.#.8oo.8.# #.....
#.#.......#.#.....
#.##.....##.#.....
#.###$⌠o# #.#.....
#..#######..######


You could see an orc priest.

Vanquished Creatures
  Jessica (D:2)
  2 dart slugs
  2 orcs (D:2)
  A giant cockroach (D:1)
  2 goblins
  A hobgoblin (D:1)
  4 jackals (D:1)
  A ball python (D:1)
  9 bats
  A frilled lizard (D:1)
  3 rats
27 creatures vanquished.

Notes
Turn   | Place    | Note
-------+----------+-------------------------------------------
     0 | D:1      | shadizar the Gargoyle Fighter began the quest for the Orb.
     0 | D:1      | Reached XP level 1. HP: 14/14 MP: 1/1
   108 | D:1      | Reached XP level 2. HP: 14/19 MP: 2/2
   336 | D:1      | Reached XP level 3. HP: 22/23 MP: 3/3
   640 | D:2      | Found a shadowy altar of Dithmenos.
   673 | D:2      | Noticed Jessica
   679 | D:2      | Killed Jessica
   679 | D:2      | Reached skill level 1 in Dodging
   845 | D:2      | Reached XP level 4. HP: 29/29 MP: 4/4
   852 | D:2      | Killed from afar by an orc priest

Skill      XL: |  1  2  3 |
---------------+----------+-----
Dodging        | 1 |  1.0
Fighting       | |  3.8
Maces & Flails | |  2.5
Armour         | |  3.7
Shields        | |  3.7

Action                   |  1- 3 |  4- 6 || total
-------------------------+-------+-------++-------
Melee: Flail             |    77 |     7 ||    84
Armor: Scale mail        |    72 |     4 ||    76
Dodge: Dodged            |    33 |       ||    33
Block: Shield            |    64 |     3 ||    67
